 Dungeon Crawl Stone Soup version 0.30.0-10-gfe55d96785 (webtiles) character file.

Game seed: 1513094449278227103

230 MacCMillion the Digger (level 6, -7/32 HPs)
             Began as a Gargoyle Earth Elementalist on May 15, 2023.
             Mangled by Blork the orc
             ... wielding a +0 battleaxe
              (12 damage)
             ... on level 3 of the Dungeon.
             The game lasted 00:05:14 (3690 turns).

MacCMillion the Digger (GrEE)                       Turns: 3690, Time: 00:05:15

Health: -7/32      AC:  6    Str: 11    XL:     6   Next: 3%
Magic:  5/10       EV: 11    Int: 18    God:
Gold:   157        SH:  0    Dex: 10    Spells: 7/11 levels left

rFire   . . .        c - +0 dagger
rCold   . . .        (no shield)
rNeg    + . .        a - +0 robe
rPois   ∞            (no helmet)
rElec   +            (no cloak)
rCorr   .            (no gloves)
SInv    .            (no boots)
Will    .....        (no amulet)
Stlth   ++           (no ring)
HPRegen 0.25/turn    (no ring)
MPRegen 0.12/turn

%: no passive effects
@: very slightly contaminated
A: sickness immunity, AC +4, negative energy resistance 1, electricity
resistance, torment resistance 1, petrification resistance
a: no special abilities


You were on level 3 of the Dungeon.
You visited 1 branch of the dungeon, and saw 4 of its levels.

You collected 157 gold pieces.

Inventory:

Hand Weapons
 c - a +0 dagger (weapon)
Armour
 a - a +0 robe (worn)
Scrolls
 d - a scroll of immolation {unknown}
 e - 4 scrolls of identify {unknown}
 f - a scroll of poison {unknown}
 g - a scroll of noise {unknown}
 h - a scroll of acquirement {unknown}
 k - 2 scrolls of enchant weapon {unknown}
Potions
 b - a potion of magic
 i - 2 potions of curing {unknown}
 j - a potion of invisibility {unknown}
 l - a potion of haste {unknown}
 m - a potion of attraction {unknown}
 n - a potion of resistance {unknown}


   Skills:
 - Level 1.5 Dodging
 - Level 2.1 Stealth
 + Level 3.1 Spellcasting
 + Level 2.8 Conjurations
 - Level 0.7 Transmutations
 + Level 6.1 Earth Magic


You had 7 spell levels left.
You knew the following spells:

 Your Spells              Type           Power      Damage    Failure   Level
a - Sandblast             Erth           50%        2d12      1%          1
b - Stone Arrow           Conj/Erth      38%        3d9       8%          3

Your spell library contained the following spells:

 Spells                   Type           Power      Damage    Failure   Level
 Passwall                 Tmut/Erth      12%        N/A       6%          2
 Dazzling Flash           Conj/Hex       14%        N/A       26%         3
 Lee's Rapid Deconstruct  Erth           12%        3d9*      34%         5
 Petrify                  Tmut/Erth      15%        N/A       36%         4
 Leda's Liquefaction      Hex/Erth       7%         N/A       41%         4
 Agony                    Necr           2%         N/A       99%         5
 Silence                  Hex/Air        1%         N/A       99%         5
 Statue Form              Tmut/Erth      Unusable   N/A       N/A         6

Dungeon Overview and Level Annotations

Branches:
Dungeon (4/15)
 Temple: D:4-7

Altars:
Dithmenos
Vehumet
Zin

Annotations:
D:3 Blork the orc


Innate Abilities, Weirdness & Mutations

You are immune to sickness and miasma.
Your stone body is resilient. (AC +4)
You are immune to poison.
You resist negative energy. (rN+)
You are resistant to electric shocks. (rElec)
You are resistant to unholy torment.
You are immune to petrification.


Message History

The centaur zombie misses you.
Aiming: Sandblast (safe; 1% risk of failure)
Press: ? - help, Q - select action Shift-Dir - straight line, f/p - Blork the orc
Aim: Blork the orc, wielding a +0 battleaxe and wearing a +0 robe (moderately wounded, 85% to hit)
Okay, then.
The centaur zombie hits you. The centaur zombie kicks you.
Blork the orc hits you with a +0 battleaxe!
You climb upwards.
There is a stone staircase leading down here.
Aiming: Sandblast (safe; 1% risk of failure)
Press: ? - help, Q - select action Shift-Dir - straight line, f - Blork the orc
Aim: Blork the orc, wielding a +0 battleaxe and wearing a +0 robe (moderately wounded, 85% to hit)
You miscast Sandblast.
You are very lightly contaminated with residual magic.
Nothing appears to happen.
Blork the orc hits you but does no damage.
Aiming: Sandblast (safe; 1% risk of failure)
Press: ? - help, Q - select action Shift-Dir - straight line, f/p - Blork the orc
Aim: Blork the orc, wielding a +0 battleaxe and wearing a +0 robe (moderately wounded, 85% to hit)
The blast of sand hits Blork the orc!
Blork the orc is heavily wounded.
Blork the orc points at you and mumbles some strange words.
The puff of frost hits you!
* * * LOW HITPOINT WARNING * * *
Aiming: Sandblast (safe; 1% risk of failure)
Press: ? - help, Q - select action Shift-Dir - straight line, f/p - Blork the orc
Aim: Blork the orc, wielding a +0 battleaxe and wearing a +0 robe (heavily wounded, 85% to hit)
The blast of sand hits Blork the orc but does no damage.
Blork the orc is heavily wounded.
Blork the orc hits you with a +0 battleaxe.
* * * LOW HITPOINT WARNING * * *
Blork the orc misses you.
Unknown command.
Aiming: Sandblast (safe; 1% risk of failure)
Press: ? - help, Q - select action Shift-Dir - straight line, f/p - Blork the orc
Aim: Blork the orc, wielding a +0 battleaxe and wearing a +0 robe (heavily wounded, 85% to hit)
The blast of sand hits Blork the orc.
Blork the orc is severely wounded.
Blork the orc hits you with a +0 battleaxe!
You die...

#.##.# #.#
#.##.######.####
#.##...........#
##.##...........##
#.................
#.###...........##
#.###....†......#
#.....######.#####
#@................
#.o..######....###
##....# #....#
#.....#############
#..................
#.....#...#.#######
#.....#.#.#.#######
######.....#.#....).....
#..........#.###.#######


You could see Blork the orc.

Vanquished Creatures
  A phantom (D:4)
  A bullfrog skeleton (D:4)
  An iguana (D:3)
  4 adders (D:3)
  An adder skeleton (D:4)
  A worm (D:3)
  A dart slug (D:2)
  5 orcs (D:3)
  A bat (D:2)
  8 endoplasms
  3 giant cockroaches
  2 goblins (D:1)
  5 hobgoblins
  4 jackals (D:1)
  4 quokkas
  4 ball pythons
  2 frilled lizards
  2 kobolds (D:1)
  4 rats
54 creatures vanquished.

Notes
Turn   | Place    | Note
-------+----------+-------------------------------------------
     0 | D:1      | MacCMillion the Gargoyle Earth Elementalist began the quest
                  | for the Orb.
     0 | D:1      | Reached XP level 1. HP: 10/10 MP: 3/3
    99 | D:1      | Reached skill level 4 in Earth Magic
   179 | D:1      | Reached XP level 2. HP: 15/15 MP: 0/5
  1019 | D:1      | Reached skill level 5 in Earth Magic
  1019 | D:1      | Reached XP level 3. HP: 14/19 MP: 3/6
  1275 | D:1      | Learned a level 3 spell: Stone Arrow
  2397 | D:3      | Found a shadowy altar of Dithmenos.
  2453 | D:3      | Reached skill level 1 in Conjurations
  2453 | D:3      | Reached XP level 4. HP: 24/24 MP: 5/7
  2595 | D:3      | Found a faded altar of an unknown god.
  2882 | D:3      | Found a glowing silver altar of Zin.
  2882 | D:3      | Found a radiant altar of Vehumet.
  3085 | D:3      | Reached XP level 5. HP: 28/28 MP: 6/8
  3383 | D:4      | Noticed Blork the orc
  3385 | D:4      | Noticed a phantom
  3601 | D:4      | Killed a phantom
  3602 | D:4      | Reached skill level 6 in Earth Magic
  3602 | D:4      | Reached XP level 6. HP: 24/32 MP: 4/10
  3690 | D:3      | Mangled by Blork the orc

Illustrated notes

Levels and vault maps discovered:
D:1:      wander_arrival_fairy_ring, layout_loops_corners
D:2:      layout_basic
D:3:      layout_basic, gammafunk_temple_overflow_forgotten,
          shapermc_ecumenical_altar_mp_vishouse, nrook_mini_backslash
D:4:      layout_basic, serial_undead, serial_undead_f, serial_undead_a,
          serial_undead_c, serial_undead_b, uniq_blork_the_orc

Skill      XL: |  1  2  3  4  5 |
---------------+----------------+-----
Earth Magic    | 4 5 6 |  6.1
Conjurations   | 1 2 |  2.8
Spellcasting   | 3 |  3.1
Dodging        | |  1.5
Stealth        | |  2.1
Transmutations | |  0.7

Action                     |  1- 3 |  4- 6 || total
---------------------------+-------+-------++-------
  Melee: Dagger            |     1 |       ||     1
   Cast: Sandblast         |    56 |    28 ||    84
 Armour: Robe              |     2 |    21 ||    23
  Dodge: Dodged            |     6 |    29 ||    35
